Sharks vs Blues

Created - May 3, 2020 at 19:09

Goals
1 2 3 T
Sharks 0 2 1 3
Blues 2 3 1 6
Shots
1 2 3 T
Sharks 9 14 11 34
Blues 12 16 9 37

1st period

1. Blues , Jordan Eberle 33 (Nicklas Backstrom 56, Filip Forsberg 22) at 5:21
2. Blues , Jordan Eberle 34 (Jake Gardiner 36, Carey Price) at 10:52 (SH)

Penalties :
Sergei Shirokov (STL) for Holding (Minor) at 9:47, Paul Ranger (SJS) for Hooking (Minor) at 16:53

2nd period

3. Blues , David Perron 39 (Nicklas Backstrom 57) at 3:56
4. Blues , Nicklas Backstrom 32 (Jordan Eberle 49, David Perron 43) at 4:14
5. Sharks , T.J. Hensick 20 (Andrej Sekera 17, Mike Cammalleri 29) at 9:12
6. Sharks , Brandon Dubinsky 17 (Oskar Osala 12, Dennis Wideman 15) at 9:47
7. Blues , Ryan O'Reilly 14 (Sergei Shirokov 21) at 12:18

Penalties :
Nicklas Backstrom (STL) for Cross-checking (Minor) at 9:54, Andrej Sekera (SJS) for High sticking (Minor) at 17:50

3rd period

8. Blues , Alex Pietrangelo 23 (Nicklas Backstrom 58, Carey Price) at 2:59 (PP)
9. Sharks , T.J. Hensick 21 (Dennis Wideman 16, Mike Cammalleri 30) at 9:34 (PP)

Penalties :
Bobby Butler (SJS) for Tripping (Minor) at 2:48, Andrej Sekera (SJS) for High sticking (Minor) at 5:53, Jake Gardiner (STL) for Interference (Minor) at 9:28, Drew Shore (STL) for Diving (Minor) at 12:58

Goalie Stats

Anders Nilsson (SJS), 23 saves from 29 shots - (0.793), L, 4-5-0, 42:59 minutes
Ryan Miller (SJS), 8 saves from 8 shots - (1.000), 17:01 minutes
Carey Price (STL), 31 saves from 34 shots - (0.912), W, 33-27-6, 60:00 minutes

Players Stats for Sharks

Player Name              G  A  P  +/- PIM S  H  SB GA TA FO     MP     PP MP  PK MP  
------------------------------------------------------------------------------------
Adam Larsson             0  0  0  -1  0   1  2  0  0  1  0/0    21:03   2:15   2:50 
Andrej Sekera            0  1  1  -2  4   1  1  0  0  1  0/0    25:29   3:48   1:28 
Bobby Butler             0  0  0  -1  2   0  0  0  0  0  1/1    15:05   2:32   0:00 
Boone Jenner             0  0  0   0  0   1  0  0  0  0  0/1     7:12   0:00   0:00 
Brandon Dubinsky         1  0  1  -1  0   1  1  1  0  0  4/7    16:44   2:32   1:32 
Brayden McNabb           0  0  0   0  0   1  1  1  0  1  0/0    14:57   0:00   3:01 
David Rundblad           0  0  0   0  0   0  0  1  0  0  0/0    12:23   0:00   0:06 
Dennis Wideman           0  2  2  -2  0   1  1  0  2  1  0/0    26:57   3:48   3:29 
Jiri Tlusty              0  0  0   0  0   1  0  0  0  0  0/0     7:12   0:00   0:00 
Luke Adam                0  0  0  -1  0   0  1  0  0  1  4/9    11:56   0:00   0:00 
Martins Karsums          0  0  0  -1  0   4  1  1  0  0  0/0    13:35   0:04   1:17 
Mike Cammalleri          0  2  2  -1  0   2  1  1  0  0  4/5    22:27   3:27   3:21 
Nikolai Kulemin          0  0  0   0  0   3  0  0  0  0  0/0     8:42   0:04   1:15 
Oskar Osala              0  1  1  -1  0   2  0  0  0  2  0/2    18:25   2:32   3:19 
Paul Ranger              0  0  0  -1  2   2  0  1  0  1  0/0    19:21   2:15   1:22 
Stefan Ruzicka           0  0  0  -1  0   2  1  1  1  0  0/3    19:10   3:27   0:00 
T.J. Hensick             2  0  2  -1  0   7  2  0  0  0  11/34  20:48   3:27   1:32 
Zach Boychuk             0  0  0  -1  0   5  2  0  0  0  0/1    12:22   0:04   0:00 

Players Stats for Blues

Player Name              G  A  P  +/- PIM S  H  SB GA TA FO     MP     PP MP  PK MP  
------------------------------------------------------------------------------------
Alex Pietrangelo         1  0  1  -2  0   7  2  3  2  1  0/0    25:16   3:45   3:20 
Cody Ceci                0  0  0  -1  0   1  0  1  0  2  0/0    24:32   0:00   2:43 
David Perron             1  1  2   2  0   5  1  1  0  0  0/1    19:24   3:23   0:12 
Drew Shore               0  0  0   0  2   0  2  0  0  0  7/8    10:57   0:00   2:21 
Fabian Brunnstrom        0  0  0   0  0   0  0  1  0  0  0/0    10:52   0:01   1:15 
Filip Forsberg           0  1  1   0  0   0  2  0  1  0  3/4    18:02   2:44   1:33 
Gustav Nyquist           0  0  0   0  0   2  0  0  1  0  0/0    10:01   0:04   0:00 
Jake Gardiner            0  1  1   5  2   1  2  3  2  0  0/0    24:52   3:45   2:43 
Jordan Eberle            2  1  3   2  0   6  2  2  1  0  2/2    23:02   3:21   3:33 
Justin Falk              0  0  0   0  0   1  0  3  0  0  0/0    14:09   0:00   3:20 
Kurt Sauer               0  0  0   4  0   1  0  0  0  0  0/0    16:50   2:23   0:00 
Nick Palmieri            0  0  0   0  0   0  1  1  0  0  0/0    10:58   2:44   0:00 
Nicklas Backstrom        1  3  4   2  2   5  1  1  1  0  20/36  19:37   3:23   0:17 
Ryan O'Reilly            1  0  1   0  0   2  1  0  0  0  4/8    17:18   2:44   0:49 
Sergei Shirokov          0  1  1   0  2   4  1  0  0  0  0/0    13:39   0:00   0:00 
Shayne Gostisbehere      0  0  0   0  0   0  1  1  0  0  0/0    14:20   2:23   0:00 
Simon Gagné              0  0  0   1  0   1  1  1  0  0  0/0     9:41   0:00   1:03 
Vincent Lecavalier       0  0  0   1  0   1  0  0  0  0  3/4    10:23   0:00   1:03 

3 Stars

1 - Jordan Eberle (STL)
2 - Nicklas Backstrom (STL)
3 - David Perron (STL)

Power Play

Sharks - 1 on 4 Attempt(s) - 25.00%
Blues - 1 on 4 Attempt(s) - 25.00%

Penalty Kill

Sharks - 3 on 4 Attempt(s) - 75.00% - Score 0 goal in Penalty Kill
Blues - 3 on 4 Attempt(s) - 75.00% - Score 1 goal in Penalty Kill

Team Stat

Sharks - Hits : 14 - Faceoff Wins : 24 - Blocked Shots : 7 - Penalty Minutes : 8
Blues - Hits : 17 - Faceoff Wins : 39 - Blocked Shots : 18 - Penalty Minutes : 8

Official

Referees : Unknown
Linesman : Unknown

Game Notes

4:14 of 2nd period - Blues goal is going for a video replay. After video review, Goal.
Ryan Miller enters game at 2:59 of 3rd period

Finance

Level 1 -- Attendance: 4466 (74.43%) -- Ticket Income $491,260
Level 2 -- Attendance: 4247 (84.94%) -- Ticket Income $305,784
Level 3 -- Attendance: 1639 (81.95%) -- Ticket Income $73,755
Level 4 -- Attendance: 3537 (88.43%) -- Ticket Income $106,110
Luxury Box -- Attendance: 843 (84.30%) -- Ticket Income $168,600
Game was played at the Scotttrade center.
Total Attendance: 14732 (81.84%)
Total Ticket Income: $1,145,509
Other Income: $171,826
Total Income: $1,317,335

Sharks

5 vs 5 Forward 
   Center                   Left Wing                Right Wing               Time % Phy DF OF 
 1 T.J. Hensick             Mike Cammalleri          Stefan Ruzicka           40     1   2  2  
 2 Brandon Dubinsky         Oskar Osala              Bobby Butler             30     1   2  2  
 3 Luke Adam                Zach Boychuk             Martins Karsums          20     1   2  2  
 4 Boone Jenner             Nikolai Kulemin          Jiri Tlusty              10     1   2  2  

5 vs 5 Defense 
   Defense                  Defense                                           Time % Phy DF OF 
 1 Dennis Wideman           Andrej Sekera                                     40     1   2  2  
 2 Adam Larsson             Paul Ranger                                       30     1   2  2  
 3 David Rundblad           Brayden McNabb                                    20     1   2  2  
 4 Dennis Wideman           Andrej Sekera                                     10     1   2  2  

PowerPlay Forward 
   Center                   Left Wing                Right Wing               Time % Phy DF OF 
 1 T.J. Hensick             Mike Cammalleri          Stefan Ruzicka           60     1   2  2  
 2 Brandon Dubinsky         Oskar Osala              Bobby Butler             40     1   2  2  

PowerPlay Defense
   Defense                  Defense                                           Time % Phy DF OF 
 1 Dennis Wideman           Andrej Sekera                                     60     1   2  2  
 2 Adam Larsson             Paul Ranger                                       40     1   2  2  

Penalty Kill 4 Players Forward 
   Center                   Wing                     Time % Phy DF OF 
 1 Mike Cammalleri          Oskar Osala              60     1   2  2  
 2 T.J. Hensick             Brandon Dubinsky         40     1   2  2  

Penalty Kill 4 Players Defense
   Defense                  Defense                  Time % Phy DF OF 
 1 Dennis Wideman           Andrej Sekera            60     1   2  2  
 2 Adam Larsson             Paul Ranger              40     1   2  2  

Penalty Kill - 3 Players Forward 
   Forward                                           Time % Phy DF OF 
 1 Mike Cammalleri                                   60     1   2  2  
 2 Oskar Osala                                       40     1   2  2  

Penalty Kill - 3 Players Defense
   Defense                  Defense                  Time % Phy DF OF 
 1 Dennis Wideman           Andrej Sekera            60     1   2  2  
 2 Adam Larsson             Paul Ranger              40     1   2  2  

4 vs 4 Forward 
   Center                   Wing                     Time % Phy DF OF 
 1 Mike Cammalleri          Oskar Osala              60     1   2  2  
 2 T.J. Hensick             Brandon Dubinsky         40     1   2  2  

4 vs 4 Defense
   Defense                  Defense                  Time % Phy DF OF 
 1 Dennis Wideman           Andrej Sekera            60     1   2  2  
 2 Adam Larsson             Paul Ranger              40     1   2  2  

Last Minutes Offensive
   Center                   Left Wing                Right Wing               Defense                  Defense                  
   T.J. Hensick             Mike Cammalleri          Stefan Ruzicka           Dennis Wideman           Andrej Sekera            

Last Minutes Defensive
   Center                   Left Wing                Right Wing               Defense                  Defense                  
   T.J. Hensick             Mike Cammalleri          Stefan Ruzicka           Dennis Wideman           Andrej Sekera            

Goaltenders
Starting : Anders Nilsson           
Backup : Ryan Miller              

Extra Forwards
Normal : Zach Boychuk, Nikolai Kulemin, Martins Karsums - PP : Zach Boychuk, Nikolai Kulemin - PK : Martins Karsums
Extra Defensemen
Normal : David Rundblad, Brayden McNabb, Adam Larsson - PP : David Rundblad - PK : Brayden McNabb, Adam Larsson
Penalty Shots
Mike Cammalleri, Oskar Osala, T.J. Hensick, Brandon Dubinsky, Zach Boychuk

Scratches
Jason Spezza (Healthy), Milan Michalek (Healthy), Drew Doughty (Healthy), Tyler Cuma (Healthy)

Blues

5 vs 5 Forward 
   Center                   Left Wing                Right Wing               Time % Phy DF OF 
 1 Nicklas Backstrom        David Perron             Jordan Eberle            40     1   2  2  
 2 Ryan O'Reilly            Filip Forsberg           Sergei Shirokov          30     1   2  2  
 3 Vincent Lecavalier       Fabian Brunnstrom        Gustav Nyquist           20     1   2  2  
 4 Drew Shore               Simon Gagné              Nick Palmieri            10     1   2  2  

5 vs 5 Defense 
   Defense                  Defense                                           Time % Phy DF OF 
 1 Alex Pietrangelo         Cody Ceci                                         40     1   2  2  
 2 Kurt Sauer               Jake Gardiner                                     30     1   2  2  
 3 Justin Falk              Shayne Gostisbehere                               20     1   2  2  
 4 Cody Ceci                Jake Gardiner                                     10     1   2  2  

PowerPlay Forward 
   Center                   Left Wing                Right Wing               Time % Phy DF OF 
 1 Nicklas Backstrom        David Perron             Jordan Eberle            60     1   2  2  
 2 Ryan O'Reilly            Filip Forsberg           Nick Palmieri            40     1   2  2  

PowerPlay Defense
   Defense                  Defense                                           Time % Phy DF OF 
 1 Alex Pietrangelo         Jake Gardiner                                     60     1   2  2  
 2 Shayne Gostisbehere      Kurt Sauer                                        40     1   2  2  

Penalty Kill 4 Players Forward 
   Center                   Wing                     Time % Phy DF OF 
 1 Drew Shore               Jordan Eberle            60     1   2  2  
 2 Vincent Lecavalier       Simon Gagné              40     1   2  2  

Penalty Kill 4 Players Defense
   Defense                  Defense                  Time % Phy DF OF 
 1 Alex Pietrangelo         Justin Falk              60     1   2  2  
 2 Jake Gardiner            Cody Ceci                40     1   2  2  

Penalty Kill - 3 Players Forward 
   Forward                                           Time % Phy DF OF 
 1 Drew Shore                                        60     1   2  2  
 2 Jordan Eberle                                     40     1   2  2  

Penalty Kill - 3 Players Defense
   Defense                  Defense                  Time % Phy DF OF 
 1 Alex Pietrangelo         Cody Ceci                60     1   2  2  
 2 Jake Gardiner            Justin Falk              40     1   2  2  

4 vs 4 Forward 
   Center                   Wing                     Time % Phy DF OF 
 1 Nicklas Backstrom        David Perron             60     1   2  2  
 2 Vincent Lecavalier       Jordan Eberle            40     1   2  2  

4 vs 4 Defense
   Defense                  Defense                  Time % Phy DF OF 
 1 Alex Pietrangelo         Cody Ceci                60     1   2  2  
 2 Jake Gardiner            Shayne Gostisbehere      40     1   2  2  

Last Minutes Offensive
   Center                   Left Wing                Right Wing               Defense                  Defense                  
   Nicklas Backstrom        David Perron             Jordan Eberle            Alex Pietrangelo         Jake Gardiner            

Last Minutes Defensive
   Center                   Left Wing                Right Wing               Defense                  Defense                  
   Drew Shore               Fabian Brunnstrom        Jordan Eberle            Justin Falk              Cody Ceci                

Goaltenders
Starting : Carey Price              
Backup : Pascal Leclaire          

Extra Forwards
Normal : Fabian Brunnstrom, Vincent Lecavalier, Jordan Eberle - PP : Gustav Nyquist, Nicklas Backstrom - PK : Filip Forsberg
Extra Defensemen
Normal : Shayne Gostisbehere, Cody Ceci, Jake Gardiner - PP : Shayne Gostisbehere - PK : Shayne Gostisbehere, Jake Gardiner
Penalty Shots
David Perron, Vincent Lecavalier, Jordan Eberle, Nicklas Backstrom, Fabian Brunnstrom

Scratches
D.J King (Healthy), Yann Sauvé (Healthy)

% Time on Ice - Sharks

Lines # - Real PCT - Wanted PCT - Time Play
Normal Forward
1 - 33% - 40% - 16:01
2 - 26% - 30% - 12:40
3 - 25% - 20% - 11:56
4 - 15% - 10% - 7:12
Normal Defense
1 - 39% - 40% - 18:45
2 - 33% - 30% - 15:45
3 - 25% - 20% - 12:11
4 - 2% - 10% - 1:08
PP Forward
1 - 58% - 60% - 3:31
2 - 42% - 40% - 2:32
PP Defense
1 - 63% - 60% - 3:48
2 - 37% - 40% - 2:15
PK Forward
1 - 75% - 60% - 4:36
2 - 25% - 40% - 1:32
PK Defense
1 - 60% - 60% - 3:40
2 - 40% - 40% - 2:28
PK3 Forward
1 - 0% - 60%
2 - 0% - 40%
PK3 Defense
1 - 0% - 60%
2 - 0% - 40%
44 Forward
1 - 0% - 60%
2 - 0% - 40%
44 Defense
1 - 0% - 60%
2 - 0% - 40%
Last Minute Offensive  - 0:00
Last Minute Defensive  - 0:00
Total
Forward - 60:00
Defense - 60:00

% Time on Ice - Blues

Lines # - Real PCT - Wanted PCT - Time Play
Normal Forward
1 - 34% - 40% - 16:15
2 - 29% - 30% - 13:54
3 - 19% - 20% - 9:11
4 - 18% - 10% - 8:29
Normal Defense
1 - 39% - 40% - 18:45
2 - 31% - 30% - 14:38
3 - 22% - 20% - 10:40
4 - 8% - 10% - 3:46
PP Forward
1 - 55% - 60% - 3:24
2 - 45% - 40% - 2:44
PP Defense
1 - 61% - 60% - 3:45
2 - 39% - 40% - 2:23
PK Forward
1 - 83% - 60% - 5:00
2 - 17% - 40% - 1:03
PK Defense
1 - 55% - 60% - 3:20
2 - 45% - 40% - 2:43
PK3 Forward
1 - 0% - 60%
2 - 0% - 40%
PK3 Defense
1 - 0% - 60%
2 - 0% - 40%
44 Forward
1 - 0% - 60%
2 - 0% - 40%
44 Defense
1 - 0% - 60%
2 - 0% - 40%
Last Minute Offensive  - 0:00
Last Minute Defensive  - 0:00
Total
Forward - 60:00
Defense - 60:00

Play-by-Play

1st period


0:01 of 1st period - T.J. Hensick wins face-off versus Nicklas Backstrom in neutral zone.
0:04 of 1st period - Wrist shot by Stefan Ruzicka.
0:04 of 1st period - Shot Blocked by David Perron.
0:10 of 1st period - Snap shot by T.J. Hensick.
0:10 of 1st period - Stopped by Carey Price without a rebound.
0:11 of 1st period - Brandon Dubinsky wins face-off versus Ryan O'Reilly in Blues zone.
0:22 of 1st period - Slapshot by Adam Larsson.
0:22 of 1st period - Stopped by Carey Price without a rebound.
0:23 of 1st period - Vincent Lecavalier wins face-off versus Luke Adam in Blues zone.
0:32 of 1st period - Wrist shot by Gustav Nyquist.
0:32 of 1st period - Shot Misses the Net.
0:34 of 1st period - Wrist shot by Fabian Brunnstrom.
0:34 of 1st period - Shot Blocked by David Rundblad.
0:36 of 1st period - Wrist shot by Gustav Nyquist.
0:36 of 1st period - Stopped by Anders Nilsson with a rebound.
0:38 of 1st period - Wrist shot by Gustav Nyquist.
0:38 of 1st period - Stopped by Anders Nilsson without a rebound.
0:39 of 1st period - T.J. Hensick wins face-off versus Nicklas Backstrom in Sharks zone.
0:56 of 1st period - Slapshot by David Perron.
0:56 of 1st period - Shot Misses the Net.
1:58 of 1st period - Snap shot by Martins Karsums.
1:58 of 1st period - Stopped by Carey Price without a rebound.
1:59 of 1st period - Nicklas Backstrom wins face-off versus Luke Adam in Blues zone.
2:26 of 1st period - Snap shot by Vincent Lecavalier.
2:26 of 1st period - Shot Blocked by Martins Karsums.
2:28 of 1st period - Slapshot by Shayne Gostisbehere.
2:28 of 1st period - Shot Blocked by Paul Ranger.
2:30 of 1st period - Slapshot by Shayne Gostisbehere.
2:30 of 1st period - Shot Misses the Net.
2:50 of 1st period - Snap shot by Mike Cammalleri.
2:50 of 1st period - Shot Blocked by Shayne Gostisbehere.
3:32 of 1st period - Jiri Tlusty is hit by Jordan Eberle and loses puck.
3:41 of 1st period - Snap shot by Jordan Eberle.
3:41 of 1st period - Stopped by Anders Nilsson with a rebound.
3:43 of 1st period - Slapshot by Cody Ceci.
3:43 of 1st period - Shot Misses the Net.
4:23 of 1st period - Slapshot by Alex Pietrangelo.
4:23 of 1st period - Stopped by Anders Nilsson with a rebound.
4:25 of 1st period - Slapshot by Alex Pietrangelo.
4:25 of 1st period - Shot Misses the Net.
4:27 of 1st period - Slapshot by Alex Pietrangelo.
4:27 of 1st period - Stopped by Anders Nilsson with a rebound.
4:51 of 1st period - Snap shot by Nikolai Kulemin.
4:51 of 1st period - Stopped by Carey Price without a rebound.
4:52 of 1st period - Ryan O'Reilly wins face-off versus T.J. Hensick in Blues zone.
5:21 of 1st period - Wrist shot by Jordan Eberle.
5:21 of 1st period - Goal by Jordan Eberle - Sharks : 0 - Blues : 1.
5:22 of 1st period - T.J. Hensick wins face-off versus Nicklas Backstrom in neutral zone.
5:27 of 1st period - Slapshot by Stefan Ruzicka.
5:27 of 1st period - Stopped by Carey Price with a rebound.
5:29 of 1st period - Snap shot by Mike Cammalleri.
5:29 of 1st period - Shot Blocked by Cody Ceci.
5:31 of 1st period - Snap shot by Andrej Sekera.
5:31 of 1st period - Shot Misses the Net.
5:47 of 1st period - Cody Ceci is hit by Zach Boychuk and loses puck.
7:05 of 1st period - Slapshot by Paul Ranger.
7:05 of 1st period - Stopped by Carey Price with a rebound.
7:21 of 1st period - Slapshot by Andrej Sekera.
7:21 of 1st period - Shot Blocked by Jake Gardiner.
7:23 of 1st period - Slapshot by Dennis Wideman.
7:23 of 1st period - Stopped by Carey Price with a rebound.
7:25 of 1st period - Slapshot by Dennis Wideman.
7:25 of 1st period - Shot Blocked by Jake Gardiner.
8:35 of 1st period - Brayden McNabb is hit by Filip Forsberg and loses puck.
8:48 of 1st period - Snap shot by Alex Pietrangelo.
8:48 of 1st period - Stopped by Anders Nilsson without a rebound.
8:49 of 1st period - Nicklas Backstrom wins face-off versus T.J. Hensick in Sharks zone.
8:56 of 1st period - Wrist shot by Jordan Eberle.
8:56 of 1st period - Shot Blocked by Brayden McNabb.
8:58 of 1st period - Slapshot by Alex Pietrangelo.
8:58 of 1st period - Deflect By David Perron.
8:58 of 1st period - Stopped by Anders Nilsson without a rebound.
8:59 of 1st period - T.J. Hensick wins face-off versus Nicklas Backstrom in Sharks zone.
9:07 of 1st period - Off-side.
9:08 of 1st period - Nicklas Backstrom wins face-off versus T.J. Hensick in neutral zone.
9:47 of 1st period - Minor Penalty to Sergei Shirokov for Holding.
9:48 of 1st period - Drew Shore wins face-off versus T.J. Hensick in Blues zone.
9:48 of 1st period - Drew Shore is hit by T.J. Hensick.
10:52 of 1st period - Wrist shot by Jordan Eberle.
10:52 of 1st period - Goal by Jordan Eberle - Sharks : 0 - Blues : 2.
10:53 of 1st period - Drew Shore wins face-off versus T.J. Hensick in neutral zone.
11:23 of 1st period - Snap shot by Brandon Dubinsky.
11:23 of 1st period - Shot Blocked by Justin Falk.
11:47 of 1st period - Penalty to Sergei Shirokov is over, Sergei Shirokov is back on ice.
12:01 of 1st period - Snap shot by Martins Karsums.
12:01 of 1st period - Shot Blocked by Jake Gardiner.
12:35 of 1st period - Slapshot by Brandon Dubinsky.
12:35 of 1st period - Shot Blocked by Justin Falk.
12:55 of 1st period - Snap shot by T.J. Hensick.
12:55 of 1st period - Stopped by Carey Price without a rebound.
12:56 of 1st period - Drew Shore wins face-off versus T.J. Hensick in Blues zone.
13:45 of 1st period - Dennis Wideman is hit by Drew Shore.
13:46 of 1st period - Icing by Dennis Wideman.
13:47 of 1st period - Nicklas Backstrom wins face-off versus T.J. Hensick in Sharks zone.
13:56 of 1st period - Wrist shot by David Perron.
13:56 of 1st period - Stopped by Anders Nilsson with a rebound.
13:58 of 1st period - Snap shot by Jordan Eberle.
13:58 of 1st period - Stopped by Anders Nilsson with a rebound.
14:00 of 1st period - Slapshot by Justin Falk.
14:00 of 1st period - Stopped by Anders Nilsson without a rebound.
14:01 of 1st period - Bobby Butler wins face-off versus Nicklas Backstrom in Sharks zone.
14:06 of 1st period - Snap shot by David Perron.
14:06 of 1st period - Shot Blocked by Brandon Dubinsky.
14:28 of 1st period - Sergei Shirokov is hit by Martins Karsums and loses puck.
14:41 of 1st period - Snap shot by Zach Boychuk.
14:41 of 1st period - Stopped by Carey Price with a rebound.
16:33 of 1st period - Andrej Sekera is hit by Jordan Eberle.
16:48 of 1st period - Off-side.
16:49 of 1st period - Nicklas Backstrom wins face-off versus T.J. Hensick in neutral zone.
16:53 of 1st period - Minor Penalty to Paul Ranger for Hooking.
16:54 of 1st period - Mike Cammalleri wins face-off versus Nicklas Backstrom in Sharks zone.
17:21 of 1st period - Dennis Wideman is hit by Filip Forsberg and loses puck.
17:42 of 1st period - Filip Forsberg is hit by Mike Cammalleri and loses puck.
18:53 of 1st period - Penalty to Paul Ranger is over, Paul Ranger is back on ice.
18:58 of 1st period - Jordan Eberle is hit by Brayden McNabb and loses puck.
19:37 of 1st period - Kurt Sauer is hit by Adam Larsson and loses puck.
19:56 of 1st period - Icing by Fabian Brunnstrom.
19:57 of 1st period - Vincent Lecavalier wins face-off versus Stefan Ruzicka in Blues zone.
Goals for this period are 0 for Sharks vs 2 for Blues.
Shots for this period are 9 for Sharks vs 12 for Blues.

2nd period


0:01 of 2nd period - T.J. Hensick wins face-off versus Nicklas Backstrom in neutral zone.
0:34 of 2nd period - Slapshot by Oskar Osala.
0:34 of 2nd period - Stopped by Carey Price with a rebound.
1:42 of 2nd period - Wrist shot by Nicklas Backstrom.
1:42 of 2nd period - Stopped by Anders Nilsson without a rebound.
1:43 of 2nd period - Filip Forsberg wins face-off versus T.J. Hensick in Sharks zone.
1:44 of 2nd period - Snap shot by Ryan O'Reilly.
1:44 of 2nd period - Deflect By Sergei Shirokov.
1:44 of 2nd period - Shot Misses the Net.
1:44 of 2nd period - Puck is out of play.
1:45 of 2nd period - Ryan O'Reilly wins face-off versus Stefan Ruzicka in Sharks zone.
1:52 of 2nd period - Snap shot by Sergei Shirokov.
1:52 of 2nd period - Stopped by Anders Nilsson with a rebound.
2:38 of 2nd period - Snap shot by Martins Karsums.
2:38 of 2nd period - Stopped by Carey Price without a rebound.
2:39 of 2nd period - Luke Adam wins face-off versus Ryan O'Reilly in Blues zone.
2:40 of 2nd period - Snap shot by Martins Karsums.
2:40 of 2nd period - Shot Misses the Net.
3:11 of 2nd period - Adam Larsson is hit by Ryan O'Reilly and loses puck.
3:26 of 2nd period - Slapshot by Alex Pietrangelo.
3:26 of 2nd period - Stopped by Anders Nilsson with a rebound.
3:48 of 2nd period - Slapshot by Alex Pietrangelo.
3:48 of 2nd period - Stopped by Anders Nilsson with a rebound.
3:50 of 2nd period - Slapshot by Cody Ceci.
3:50 of 2nd period - Stopped by Anders Nilsson with a rebound.
3:52 of 2nd period - Snap shot by Filip Forsberg.
3:52 of 2nd period - Deflect By Ryan O'Reilly.
3:52 of 2nd period - Stopped by Anders Nilsson without a rebound.
3:53 of 2nd period - Nicklas Backstrom wins face-off versus T.J. Hensick in Sharks zone.
3:56 of 2nd period - Slapshot by David Perron.
3:56 of 2nd period - Goal by David Perron - Sharks : 0 - Blues : 3.
3:57 of 2nd period - Nicklas Backstrom wins face-off versus T.J. Hensick in neutral zone.
4:12 of 2nd period - Snap shot by Jordan Eberle.
4:12 of 2nd period - Shot Misses the Net.
4:14 of 2nd period - Wrist shot by Nicklas Backstrom.
4:14 of 2nd period - Blues goal is going for a video replay.
4:14 of 2nd period - The goal is good.
4:14 of 2nd period - Goal by Nicklas Backstrom - Sharks : 0 - Blues : 4.
4:15 of 2nd period - Nicklas Backstrom wins face-off versus Stefan Ruzicka in neutral zone.
5:26 of 2nd period - Snap shot by Simon Gagné.
5:26 of 2nd period - Stopped by Anders Nilsson with a rebound.
5:34 of 2nd period - Snap shot by T.J. Hensick.
5:34 of 2nd period - Stopped by Carey Price without a rebound.
5:35 of 2nd period - Brandon Dubinsky wins face-off versus Nicklas Backstrom in Blues zone.
5:42 of 2nd period - Snap shot by Bobby Butler.
5:42 of 2nd period - Shot Blocked by Nicklas Backstrom.
5:49 of 2nd period - Wrist shot by Brandon Dubinsky.
5:49 of 2nd period - Shot Blocked by Jordan Eberle.
5:51 of 2nd period - Wrist shot by Oskar Osala.
5:51 of 2nd period - Stopped by Carey Price without a rebound.
5:52 of 2nd period - Luke Adam wins face-off versus Vincent Lecavalier in Blues zone.
6:00 of 2nd period - Snap shot by Zach Boychuk.
6:00 of 2nd period - Stopped by Carey Price without a rebound.
6:01 of 2nd period - Vincent Lecavalier wins face-off versus Luke Adam in Blues zone.
6:01 of 2nd period - Vincent Lecavalier is hit by Andrej Sekera.
6:07 of 2nd period - Dennis Wideman is hit by Alex Pietrangelo and loses puck.
6:16 of 2nd period - Snap shot by Martins Karsums.
6:16 of 2nd period - Stopped by Carey Price without a rebound.
6:17 of 2nd period - Nicklas Backstrom wins face-off versus Brandon Dubinsky in Blues zone.
6:32 of 2nd period - Wrist shot by Brandon Dubinsky.
6:32 of 2nd period - Shot Blocked by Jordan Eberle.
7:09 of 2nd period - Snap shot by Vincent Lecavalier.
7:09 of 2nd period - Stopped by Anders Nilsson with a rebound.
7:22 of 2nd period - Icing by Jiri Tlusty.
7:23 of 2nd period - Drew Shore wins face-off versus Boone Jenner in Sharks zone.
7:46 of 2nd period - Brayden McNabb is hit by Nick Palmieri.
7:58 of 2nd period - Slapshot by Nikolai Kulemin.
7:58 of 2nd period - Stopped by Carey Price without a rebound.
7:59 of 2nd period - T.J. Hensick wins face-off versus Nicklas Backstrom in Blues zone.
8:12 of 2nd period - Slapshot by Shayne Gostisbehere.
8:12 of 2nd period - Shot Blocked by Stefan Ruzicka.
8:14 of 2nd period - Slapshot by Shayne Gostisbehere.
8:14 of 2nd period - Deflect By David Perron.
8:14 of 2nd period - Stopped by Anders Nilsson with a rebound.
9:00 of 2nd period - Slapshot by Vincent Lecavalier.
9:00 of 2nd period - Shot Misses the Net.
9:02 of 2nd period - Slapshot by Jake Gardiner.
9:02 of 2nd period - Deflect By Gustav Nyquist.
9:02 of 2nd period - Shot Misses the Net.
9:02 of 2nd period - Puck is out of play.
9:03 of 2nd period - Nicklas Backstrom wins face-off versus T.J. Hensick in Sharks zone.
9:12 of 2nd period - Snap shot by T.J. Hensick.
9:12 of 2nd period - Goal by T.J. Hensick - Sharks : 1 - Blues : 4.
9:13 of 2nd period - Nicklas Backstrom wins face-off versus T.J. Hensick in neutral zone.
9:47 of 2nd period - Snap shot by Brandon Dubinsky.
9:47 of 2nd period - Goal by Brandon Dubinsky - Sharks : 2 - Blues : 4.
9:48 of 2nd period - T.J. Hensick wins face-off versus Nicklas Backstrom in neutral zone.
9:54 of 2nd period - Minor Penalty to Nicklas Backstrom for Cross-checking.
9:55 of 2nd period - Drew Shore wins face-off versus T.J. Hensick in Blues zone.
11:54 of 2nd period - Penalty to Nicklas Backstrom is over, Nicklas Backstrom is back on ice.
12:02 of 2nd period - Icing by Paul Ranger.
12:03 of 2nd period - Ryan O'Reilly wins face-off versus Zach Boychuk in Sharks zone.
12:04 of 2nd period - Slapshot by Sergei Shirokov.
12:04 of 2nd period - Stopped by Anders Nilsson without a rebound.
12:05 of 2nd period - Luke Adam wins face-off versus Ryan O'Reilly in Sharks zone.
12:18 of 2nd period - Backhand shot by Ryan O'Reilly.
12:18 of 2nd period - Goal by Ryan O'Reilly - Sharks : 2 - Blues : 5.
12:19 of 2nd period - Nicklas Backstrom wins face-off versus T.J. Hensick in neutral zone.
12:26 of 2nd period - Wrist shot by David Perron.
12:26 of 2nd period - Shot Misses the Net.
13:34 of 2nd period - Snap shot by T.J. Hensick.
13:34 of 2nd period - Shot Hit the Post.
13:38 of 2nd period - Snap shot by Stefan Ruzicka.
13:38 of 2nd period - Shot Blocked by Nick Palmieri.
14:16 of 2nd period - Snap shot by Boone Jenner.
14:16 of 2nd period - Shot Misses the Net.
14:54 of 2nd period - Wrist shot by Jordan Eberle.
14:54 of 2nd period - Stopped by Anders Nilsson without a rebound.
14:55 of 2nd period - Brandon Dubinsky wins face-off versus Ryan O'Reilly in Sharks zone.
15:21 of 2nd period - Alex Pietrangelo is hit by Stefan Ruzicka and loses puck.
15:32 of 2nd period - Wrist shot by T.J. Hensick.
15:32 of 2nd period - Stopped by Carey Price with a rebound.
15:42 of 2nd period - Snap shot by Boone Jenner.
15:42 of 2nd period - Shot Misses the Net.
15:44 of 2nd period - Slapshot by Paul Ranger.
15:44 of 2nd period - Stopped by Carey Price with a rebound.
15:48 of 2nd period - Snap shot by Boone Jenner.
15:48 of 2nd period - Stopped by Carey Price with a rebound.
16:06 of 2nd period - Snap shot by Zach Boychuk.
16:06 of 2nd period - Shot Blocked by Alex Pietrangelo.
17:12 of 2nd period - Slapshot by Brayden McNabb.
17:12 of 2nd period - Stopped by Carey Price with a rebound.
17:14 of 2nd period - Backhand shot by Nikolai Kulemin.
17:14 of 2nd period - Stopped by Carey Price with a rebound.
17:24 of 2nd period - Zach Boychuk is hit by Sergei Shirokov.
17:28 of 2nd period - Zach Boychuk is hit by Jake Gardiner and loses puck.
17:43 of 2nd period - Snap shot by Jake Gardiner.
17:43 of 2nd period - Stopped by Anders Nilsson without a rebound.
17:44 of 2nd period - Nicklas Backstrom wins face-off versus Brandon Dubinsky in Sharks zone.
17:50 of 2nd period - Minor Penalty to Andrej Sekera for High sticking.
17:51 of 2nd period - Nicklas Backstrom wins face-off versus Mike Cammalleri in Sharks zone.
17:53 of 2nd period - Snap shot by Nicklas Backstrom.
17:53 of 2nd period - Stopped by Anders Nilsson with a rebound.
17:55 of 2nd period - Slapshot by Jake Gardiner.
17:55 of 2nd period - Shot Blocked by Mike Cammalleri.
18:43 of 2nd period - Adam Larsson is hit by David Perron and loses puck.
19:50 of 2nd period - Penalty to Andrej Sekera is over, Andrej Sekera is back on ice.
Goals for this period are 2 for Sharks vs 3 for Blues.
Shots for this period are 14 for Sharks vs 16 for Blues.

3rd period


0:01 of 3rd period - T.J. Hensick wins face-off versus Nicklas Backstrom in neutral zone.
0:11 of 3rd period - Andrej Sekera is hit by Alex Pietrangelo and loses puck.
0:53 of 3rd period - Snap shot by Martins Karsums.
0:53 of 3rd period - Stopped by Carey Price without a rebound.
0:54 of 3rd period - Luke Adam wins face-off versus David Perron in Blues zone.
0:57 of 3rd period - Wrist shot by Zach Boychuk.
0:57 of 3rd period - Stopped by Carey Price with a rebound.
0:59 of 3rd period - Snap shot by Luke Adam.
0:59 of 3rd period - Shot Blocked by Alex Pietrangelo.
1:01 of 3rd period - Snap shot by Zach Boychuk.
1:01 of 3rd period - Stopped by Carey Price without a rebound.
1:02 of 3rd period - Jordan Eberle wins face-off versus T.J. Hensick in Blues zone.
2:22 of 3rd period - Wrist shot by Jiri Tlusty.
2:22 of 3rd period - Stopped by Carey Price without a rebound.
2:23 of 3rd period - Filip Forsberg wins face-off versus T.J. Hensick in Blues zone.
2:28 of 3rd period - Slapshot by Ryan O'Reilly.
2:28 of 3rd period - Shot Misses the Net.
2:34 of 3rd period - Slapshot by Andrej Sekera.
2:34 of 3rd period - Stopped by Carey Price with a rebound.
2:36 of 3rd period - Slapshot by Dennis Wideman.
2:36 of 3rd period - Shot Hit the Post.
2:38 of 3rd period - Snap shot by Mike Cammalleri.
2:38 of 3rd period - Stopped by Carey Price without a rebound.
2:39 of 3rd period - Nicklas Backstrom wins face-off versus Oskar Osala in Blues zone.
2:39 of 3rd period - Nicklas Backstrom is hit by Dennis Wideman.
2:48 of 3rd period - Minor Penalty to Bobby Butler for Tripping.
2:49 of 3rd period - Mike Cammalleri wins face-off versus Nicklas Backstrom in Sharks zone.
2:59 of 3rd period - Slapshot by Alex Pietrangelo.
2:59 of 3rd period - Goal by Alex Pietrangelo - Sharks : 2 - Blues : 6.
2:59 of 3rd period - Ryan Miller enters game.
3:00 of 3rd period - Nicklas Backstrom wins face-off versus T.J. Hensick in neutral zone.
3:03 of 3rd period - Slapshot by David Perron.
3:03 of 3rd period - Stopped by Ryan Miller with a rebound.
3:15 of 3rd period - Snap shot by Stefan Ruzicka.
3:15 of 3rd period - Stopped by Carey Price with a rebound.
3:50 of 3rd period - Fabian Brunnstrom is hit by Zach Boychuk and loses puck.
4:31 of 3rd period - Wrist shot by Filip Forsberg.
4:31 of 3rd period - Shot Misses the Net.
4:33 of 3rd period - Slapshot by Sergei Shirokov.
4:33 of 3rd period - Stopped by Ryan Miller with a rebound.
4:35 of 3rd period - Slapshot by Justin Falk.
4:35 of 3rd period - Deflect By Sergei Shirokov.
4:35 of 3rd period - Shot Misses the Net.
4:35 of 3rd period - Puck is out of play.
4:36 of 3rd period - Mike Cammalleri wins face-off versus Nicklas Backstrom in Sharks zone.
5:30 of 3rd period - Snap shot by Jiri Tlusty.
5:30 of 3rd period - Shot Misses the Net.
5:33 of 3rd period - Icing by Shayne Gostisbehere.
5:34 of 3rd period - Ryan O'Reilly wins face-off versus T.J. Hensick in Blues zone.
5:34 of 3rd period - Ryan O'Reilly is hit by Adam Larsson.
5:50 of 3rd period - Slapshot by Sergei Shirokov.
5:50 of 3rd period - Deflect By T.J. Hensick.
5:50 of 3rd period - Stopped by Ryan Miller without a rebound.
5:51 of 3rd period - Brandon Dubinsky wins face-off versus Nicklas Backstrom in Sharks zone.
5:53 of 3rd period - Minor Penalty to Andrej Sekera for High sticking.
5:54 of 3rd period - Mike Cammalleri wins face-off versus Nicklas Backstrom in Sharks zone.
6:08 of 3rd period - Slapshot by Alex Pietrangelo.
6:08 of 3rd period - Stopped by Ryan Miller with a rebound.
7:24 of 3rd period - Alex Pietrangelo is hit by T.J. Hensick and loses puck.
7:53 of 3rd period - Penalty to Andrej Sekera is over, Andrej Sekera is back on ice.
8:21 of 3rd period - Slapshot by Kurt Sauer.
8:21 of 3rd period - Stopped by Ryan Miller without a rebound.
8:22 of 3rd period - Drew Shore wins face-off versus Luke Adam in Sharks zone.
8:45 of 3rd period - Martins Karsums is hit by Nicklas Backstrom and loses puck.
8:50 of 3rd period - Wrist shot by Nicklas Backstrom.
8:50 of 3rd period - Stopped by Ryan Miller without a rebound.
8:51 of 3rd period - Nicklas Backstrom wins face-off versus T.J. Hensick in Sharks zone.
9:28 of 3rd period - Minor Penalty to Jake Gardiner for Interference.
9:29 of 3rd period - T.J. Hensick wins face-off versus Drew Shore in Blues zone.
9:30 of 3rd period - Wrist shot by Mike Cammalleri.
9:30 of 3rd period - Shot Misses the Net.
9:32 of 3rd period - Slapshot by Dennis Wideman.
9:32 of 3rd period - Shot Blocked by Justin Falk.
9:34 of 3rd period - Wrist shot by T.J. Hensick.
9:34 of 3rd period - Goal by T.J. Hensick - Sharks : 3 - Blues : 6.
9:35 of 3rd period - Nicklas Backstrom wins face-off versus T.J. Hensick in neutral zone.
10:26 of 3rd period - Backhand shot by Dennis Wideman.
10:26 of 3rd period - Shot Blocked by Fabian Brunnstrom.
10:46 of 3rd period - Boone Jenner is hit by Simon Gagné.
12:14 of 3rd period - Zach Boychuk is hit by Drew Shore and loses puck.
12:21 of 3rd period - Alex Pietrangelo is hit by Luke Adam and loses puck.
12:34 of 3rd period - Snap shot by Zach Boychuk.
12:34 of 3rd period - Shot Blocked by Alex Pietrangelo.
12:48 of 3rd period - Wrist shot by Zach Boychuk.
12:48 of 3rd period - Stopped by Carey Price with a rebound.
12:50 of 3rd period - Slapshot by Andrej Sekera.
12:50 of 3rd period - Shot Blocked by Simon Gagné.
12:56 of 3rd period - Snap shot by Martins Karsums.
12:56 of 3rd period - Shot Misses the Net.
12:58 of 3rd period - Minor Penalty to Drew Shore for Diving.
12:59 of 3rd period - Jordan Eberle wins face-off versus T.J. Hensick in Blues zone.
13:14 of 3rd period - Snap shot by T.J. Hensick.
13:14 of 3rd period - Stopped by Carey Price without a rebound.
13:15 of 3rd period - T.J. Hensick wins face-off versus Filip Forsberg in Blues zone.
14:58 of 3rd period - Penalty to Drew Shore is over, Drew Shore is back on ice.
15:02 of 3rd period - Snap shot by David Perron.
15:02 of 3rd period - Shot Misses the Net.
15:04 of 3rd period - Slapshot by Drew Shore.
15:04 of 3rd period - Deflect By David Perron.
15:04 of 3rd period - Shot Misses the Net.
15:04 of 3rd period - Puck is out of play.
15:05 of 3rd period - Drew Shore wins face-off versus Luke Adam in Sharks zone.
15:30 of 3rd period - Brayden McNabb is hit by Shayne Gostisbehere and loses puck.
16:12 of 3rd period - Icing by David Rundblad.
16:13 of 3rd period - Filip Forsberg wins face-off versus Brandon Dubinsky in Sharks zone.
16:14 of 3rd period - Wrist shot by Sergei Shirokov.
16:14 of 3rd period - Deflect By Nicklas Backstrom.
16:14 of 3rd period - Stopped by Ryan Miller without a rebound.
16:15 of 3rd period - Nicklas Backstrom wins face-off versus T.J. Hensick in Sharks zone.
16:42 of 3rd period - Sergei Shirokov is hit by Brandon Dubinsky and loses puck.
16:59 of 3rd period - Icing by Andrej Sekera.
17:00 of 3rd period - Nicklas Backstrom wins face-off versus Oskar Osala in Sharks zone.
17:09 of 3rd period - Slapshot by Jordan Eberle.
17:09 of 3rd period - Stopped by Ryan Miller without a rebound.
17:10 of 3rd period - T.J. Hensick wins face-off versus Nicklas Backstrom in Sharks zone.
17:21 of 3rd period - Stefan Ruzicka is hit by Jake Gardiner and loses puck.
19:46 of 3rd period - Snap shot by T.J. Hensick.
19:46 of 3rd period - Shot Misses the Net.
19:48 of 3rd period - Wrist shot by Mike Cammalleri.
19:48 of 3rd period - Stopped by Carey Price with a rebound.
Goals for this period are 1 for Sharks vs 1 for Blues.
Shots for this period are 11 for Sharks vs 9 for Blues.